 Dungeon Sprint DCSS version 0.26-a0-683-g5206c1d7ac (webtiles) character file.

Game seed: 12610057126583451200

568 rocky1 the Blocker (level 7, -11/55 HPs)
             Began as a Formicid Fighter on Oct 23, 2020.
             Was a Follower of Cheibriados.
             Killed from afar by a wizard (31 damage)
             ... with a crystal spear
             ... in the Dungeon (Sprint III: "The Ten Rune Challenge").
             The game lasted 00:03:20 (1494 turns).

rocky1 the Blocker (Formicid Fighter)               Turns: 1494, Time: 00:03:21

Health: -11/55     AC: 12    Str: 25    XL:     7   Next: 59%
Magic:  9/9        EV: 11    Int: 11    God:    Cheibriados [*.....]
Gold:   22         SH: 13    Dex: 14    Spells: 6/6 levels left

rFire    . . .     SeeInvis +   a - +0 long sword
rCold    . . .     Faith    .   c - +0 kite shield
rNeg     . . .     Spirit   .   b - +0 scale mail
rPois    .         Reflect  .   (helmet unavailable)
rElec    .         Harm     .   (no cloak)
rCorr    .         Rampage  .   (no gloves)
MR       .....                  (no boots)
Stlth    ..........             (no amulet)
HPRegen  0.18/turn              (no ring)
MPRegen  0.11/turn              (no ring)

@: very slow
A: permanent stasis, dig shafts and tunnels, four strong arms, antennae 3, slimy
green scales 1, yellow scales 1, agile 1, clever 1, shaggy fur 1, wild magic 1
a: Dig, Bend Time, Renounce Religion


You were in the Dungeon.
You worshipped Cheibriados.
Cheibriados was aware of your devotion.
You visited 1 branch You collected 22 gold pieces.

Inventory:

Hand Weapons
 a - a +0 long sword (weapon)
Armour
 b - a +0 scale mail (worn)
 c - a +0 kite shield (worn)
Wands
 o - a wand of iceblast (7)
Scrolls
 e - a scroll of immolation {unknown}
 f - 3 scrolls of identify {unknown}
 h - a scroll of enchant weapon {unknown}
 j - a scroll of remove curse {unknown}
 m - a scroll of holy word {unknown}
Potions
 g - 2 potions of magic
 i - a potion of berserk rage {unknown}
 k - a potion of resistance {unknown}
 l - 3 potions of flight
 n - a potion of mutation
Miscellaneous
 d - a condenser vane (2/2)


   Skills:
 + Level 4.8 Fighting
 + Level 10.2 Long Blades
 + Level 4.8 Armour
 + Level 2.6 Dodging
 - Level 11.6 Shields
 + Level 3.6 Invocations
 + Level 1.9 Evocations


You had 6 spell levels left.
You didn't know any spells.
Your spell library was empty.

Dungeon Overview and Level Annotations

Branches:
Dungeon (1/1)

Altars:
Cheibriados
Dithmenos
Fedhas
Gozag
Hepliaklqana
Kikubaaqudgha
Makhleb
Nemelex Xobeh
Qazlal
Ru
Sif Muna
Vehumet
Xom
Yredelemnul
Jiyva
Lugonu


Innate Abilities, Weirdness & Mutations

You cannot be hasted, slowed, berserked, paralysed or teleported.
You can dig through walls and to a lower floor.
Your four strong arms can wield two-handed weapons with a shield.
You have a pair of large antennae on your head. (SInv)
You are partially covered in slimy green scales. (AC +2)
You are partially covered in yellow scales. (AC +2)
You are agile. (Dex +2)
Your mind is acute. (Int +2)
You are covered in fur. (AC +1)
Your spells are a little harder to cast, but a little more powerful.


Message History

A wizard comes into view. It is wielding a +0 dagger.
The wizard shouts!
A kobold demonologist comes into view. It is wielding a +0 dagger.
Found a hardcover book.
Found three altars.
You closely miss the wizard.
The kobold demonologist shouts!
The wizard points at you and mumbles some strange words.
The crystal spear hits you!!
You closely miss the wizard.
The wizard gestures at you while chanting.
The crystal spear hits you!
You hit the wizard.
The wizard is moderately wounded.
The kobold demonologist mumbles some strange words.
You hit the wizard but do no damage.
The wizard is moderately wounded.
The wizard casts a spell at you. The crystal spear hits you!!
Ouch! That really hurt!
You die...

#..'...♣.♣ ♣.# ####
#..#.....♣♣ ♣.# {#__#
####....♣.♣ ♣♣.#{ {#)_# {{{
...#....≈♣♣♣♣..###+#+###÷##
{{{
...#†..≈≈♣..♣♣.#..........#
{{{
...#..≈≈≈≈..♣..'.⌠........#
##'#..≈≈≈≈≈≈.♣.#...######'#
.†)#.≈≈≈≈≈≈....#.⌠.#__#...#
...#.≈≈≈≈≈.....#@..#__#...#
...#.≈≈≈.......#p###__#...#
####...........#K:{#__#...+
...............#___#__'...#
{
▓▓▓▓▓▓▓▓▓▓▓▓▓▓▓▓▓▓▓▓▓▓▓▓▓▓▓
{ { { { { { {{ { { { { {{


You could see a wizard and a kobold demonologist.

Vanquished Creatures
  A shadow (D)
  A spatial vortex (D)
  A necrophage (D)
  A water elemental (D)
  A scorpion (D)
  A jelly (D)
  Jessica (D)
  A necromancer (D)
  A human (D)
  An ooze (D)
  2 rats (D)
12 creatures vanquished.

Notes
Turn   | Place    | Note
-------+----------+-------------------------------------------
     0 | D        | rocky1 the Formicid Fighter began the quest for the Orb.
     0 | D        | Reached XP level 1. HP: 18/18 MP: 1/1
     7 | D        | Reached skill level 4 in Shields
    17 | D        | Noticed Jessica
    21 | D        | Killed Jessica
    21 | D        | Reached skill level 6 in Shields
    21 | D        | Reached XP level 2. HP: 23/24 MP: 2/2
    21 | D        | Reached XP level 3. HP: 28/29 MP: 3/3
    73 | D        | Reached skill level 5 in Long Blades
    73 | D        | Reached skill level 7 in Shields
    73 | D        | Reached XP level 4. HP: 19/35 MP: 4/4
   240 | D        | Reached skill level 8 in Shields
   240 | D        | Reached XP level 5. HP: 39/41 MP: 5/5
   378 | D        | Gained mutation: You are agile. (Dex +2) [potion of
                  | mutation]
   378 | D        | Gained mutation: You have sharp toenails. [potion of
                  | mutation]
   378 | D        | Gained mutation: You are dopey. (Int -2) [potion of
                  | mutation]
   378 | D        | Gained mutation: You are partially covered in yellow
                  | scales. (AC +2) [potion of mutation]
   379 | D        | Lost mutation: You have sharp toenails. [potion of
                  | mutation]
   379 | D        | Lost mutation: You are dopey. (Int -2) [potion of mutation]
   379 | D        | Gained mutation: Your spells are a little harder to cast,
                  | but a little more powerful. [potion of mutation]
   379 | D        | Gained mutation: Your body sometimes deteriorates upon
                  | taking damage. [potion of mutation]
   379 | D        | Gained mutation: You are frail. (-10% HP) [potion of
                  | mutation]
   379 | D        | Gained mutation: Your spells are harder to cast, but more
                  | powerful. [potion of mutation]
   380 | D        | Lost mutation: You are agile. (Dex +2) [potion of mutation]
   380 | D        | Lost mutation: Your body sometimes deteriorates upon taking
                  | damage. [potion of mutation]
   380 | D        | Gained mutation: You are dopey. (Int -2) [potion of
                  | mutation]
   380 | D        | Gained mutation: You are partially covered in slimy green
                  | scales. (AC +2) [potion of mutation]
   380 | D        | Lost mutation: You are dopey. (Int -2) [potion of mutation]
   380 | D        | Gained mutation: You are agile. (Dex +2) [potion of
                  | mutation]
   381 | D        | Lost mutation: You are frail. (-10% HP) [potion of
                  | mutation]
   381 | D        | Lost mutation: Your spells are harder to cast, but more
                  | powerful. [potion of mutation]
   381 | D        | Gained mutation: You expend magic power (3 MP) to
                  | strengthen your wands. [potion of mutation]
   381 | D        | Gained mutation: You are covered in fur. (AC +1) [potion of
                  | mutation]
   381 | D        | Lost mutation: You expend magic power (3 MP) to strengthen
                  | your wands. [potion of mutation]
   381 | D        | Gained mutation: Your mind is acute. (Int +2) [potion of
                  | mutation]
   419 | D        | Noticed a water elemental
   425 | D        | Killed a water elemental
   425 | D        | Reached skill level 9 in Shields
   621 | D        | Reached skill level 10 in Shields
   621 | D        | Reached XP level 6. HP: 42/47 MP: 6/6
   651 | D        | Noticed a shadow
   657 | D        | Killed a shadow
   657 | D        | Reached skill level 11 in Shields
   855 | D        | Found a blossoming altar of Fedhas.
   855 | D        | Found a stormy altar of Qazlal.
   855 | D        | Found a snail-covered altar of Cheibriados.
   855 | D        | Found a burning altar of Makhleb.
   855 | D        | Found a shimmering altar of Xom.
   855 | D        | Noticed a spatial vortex
   856 | D        | Found a hazy altar of Hepliaklqana.
   856 | D        | Found an opulent altar of Gozag.
   856 | D        | Found a sparkling altar of Nemelex Xobeh.
   856 | D        | Found a corrupted altar of Lugonu.
   856 | D        | Found a viscous altar of Jiyva.
  1116 | D        | Became a worshipper of Cheibriados the Contemplative
  1131 | D        | Killed a spatial vortex
  1131 | D        | Reached skill level 10 in Long Blades
  1131 | D        | Reached XP level 7. HP: 31/55 MP: 6/9
  1266 | D        | Found a basalt altar of Yredelemnul.
  1266 | D        | Found a shadowy altar of Dithmenos.
  1266 | D        | Found a sacrificial altar of Ru.
  1274 | D        | Reached skill level 1 in Evocations
  1280 | D        | Reached * piety under Cheibriados
  1490 | D        | Found a radiant altar of Vehumet.
  1490 | D        | Found a shimmering blue altar of Sif Muna.
  1490 | D        | Found an ancient bone altar of Kikubaaqudgha.
  1494 | D        | Killed from afar by a wizard

Illustrated notes

Levels and vault maps discovered:
D:        dungeon_sprint_mu [sprint_mu_entry_forest, sprint_mu_temple_rooms,
          sprint_mu_d1_horrors, sprint_mu_d2_genie, sprint_mu_d3_branching,
          sprint_mu_orc_legion, sprint_mu_elf_gauntlet, sprint_mu_hive_nellie,
          sprint_mu_lair_fedhas, sprint_mu_vaults_butterflies,
          sprint_mu_slime_circle, sprint_mu_shoals_kraken,
          sprint_mu_snake_twists, sprint_mu_blade_basic,
          sprint_mu_crypt_fortress, sprint_mu_tomb_spiral,
          sprint_mu_vestibule_basic, sprint_mu_gehenna_hellfire,
          sprint_mu_dis_giant, sprint_mu_tartarus_statrot,
          sprint_mu_cocytus_islands, sprint_mu_zot1]

Skill      XL: |  1  2  3  4  5  6  7 |
---------------+----------------------+-----
Long Blades    | 4 5 6 8 10 | 10.2
Shields        | 6 7 8 10 11 | 11.6
Fighting       | 4 |  4.8
Armour         | 4 |  4.8
Dodging        | 2 |  2.6
Invocations    | 2 3 |  3.6
Evocations     | 1 |  1.9

Action                   |  1- 3 |  4- 6 |  7- 9 || total
-------------------------+-------+-------+-------++-------
Melee: Long sword        |    26 |    40 |    17 ||    83
  Use: Potion            |       |     7 |       ||     7
Armor: Scale mail        |     8 |     3 |     3 ||    14
Dodge: Dodged            |     3 |     1 |     1 ||     5
Block: Kite shield       |    15 |    12 |     3 ||    30
       Rpst.: Long sword |       |       |     1 ||     1

Table legend: (Time is in decaauts)
 A = Elapsed time spent in this place.
 B = Non-inter-level travel time spent in this place.
 C = Inter-level travel time spent in this place.
 D = Time resting spent in this place.
 E = Time spent auto-exploring this place.
 F = Levels seen in this place.
 G = Mean time per level.
                   A        B        C        D        E       F      G
               +--------+--------+--------+--------+--------+-----+--------+
         Total |   1513 |   1513 |      0 |   1226 |      0 |   1 | 1513.0 |
       Dungeon |   1513 |   1513 |      0 |   1226 |      0 |   1 | 1513.0 |
               +--------+--------+--------+--------+--------+-----+--------+

Top non-repeatable levels by time:
       D: 1513 daAuts
